Cogmind - Beta 17 @@@ ROGUE MODE // 2026.07.12 @ 02:04:03 Player: kite Result: Self-destructed Performance ------------- Evolutions (2) 1000 Regions Visited (6) 1200 Robots Destroyed (53) 265 Value Destroyed (1921) 1921 Prototype IDs (35) 700 Alien Tech Used (0) 0 Bonus (758) 758 TOTAL SCORE: 5844 Bonus ------- High Alert Combat Kills 75 Follower Combat Kills 183 Entered Garrisons 200 Aligned with FarCom 300 Cogmind --------- Core Integrity 372/550 Matter 300/300 Energy 38/100 System Corruption 0% Temperature Cool (18) Movement Walking (127) Location -8/Garrison Parts ------- > --- POWER (1) -------- (None) > --- PROPULSION (4) --- Aluminum Leg Carbon-fiber Leg Titanium Leg Makeshift Leg > --- UTILITY (3) ------ Improved Heat Sink Improved Heat Sink Large Storage Unit > --- WEAPON (3) ------- Particle Gun Cooled Pulse Rifle > --- INVENTORY (15) --- Light Ion Engine Aluminum Leg Aluminum Leg Aluminum Leg High-capacity Storage Unit Improved Terrain Scanner Chronowheel Particle Gun Improved Datajack Katana Katana Katana Peak State ------------ > --- POWER ------------ Makeshift Power Source > --- PROPULSION ------- Aluminum Leg Carbon-fiber Leg Carbon-fiber Leg Makeshift Leg > --- UTILITY ---------- Improved Heat Sink Large Storage Unit Improved Terrain Scanner > --- WEAPON ----------- Cooled Pulse Rifle Cooled Pulse Rifle Cooled Pulse Rifle > --- INVENTORY -------- Light Ion Engine Makeshift Power Source Aluminum Leg Aluminum Leg Aluminum Leg Aluminum Leg Makeshift Leg Improved Heat Sink High-capacity Storage Unit Light Armor Plating Chronowheel Improved Datajack Katana Katana [Rating: 41] Favorites ----------- Power Makeshift Power Source Engine Makeshift Power Source Propulsion Light Treads Treads Light Treads Leg Carbon-fiber Leg Utility Large Storage Unit Device Improved Heat Sink Storage Large Storage Unit Protection Light Armor Plating Weapon Cooled Pulse Rifle Energy Gun Cooled Pulse Rifle Ballistic Gun Assault Rifle Slashing Weapon Katana Special Melee Weapon Datajack Build | -11 -10 -10 -10 -9 -8 -8 ------- Run | Yrd Mat Min Exi Min Mat Gar Slots Evolved 4 | . . . . . 4 . Power . | . . . . . . . Propulsion 2 | . . . . . 2 . Utility 1 | . . . . . 1 . Weapon 1 | . . . . . 1 . Parts Attached 37 | 7 2 2 1 6 13 6 Power 5 | 1 . 1 . 2 1 . Engine 5 | 1 . 1 . 2 1 . Core . | . . . . . . . Reactor . | . . . . . . . Propulsion 15 | 2 . 1 . 1 7 4 Treads 4 | 2 . 1 . 1 . . Leg 11 | . . . . . 7 4 Wheel . | . . . . . . . Hover . | . . . . . . . Flight . | . . . . . . . Utility 7 | 2 2 . . 1 1 1 Device 4 | 1 . . . 1 1 1 Storage 2 | 1 1 . . . . . Processor . | . . . . . . . Hackware . | . . . . . . . Protection 1 | . 1 . . . . . Artifact . | . . . . . . . Weapon 10 | 2 . . 1 2 4 1 Energy Gun 6 | . . . . 2 3 1 Energy Cannon . | . . . . . . . Ballistic Gun 2 | 2 . . . . . . Ballistic Cannon . | . . . . . . . Launcher . | . . . . . . . Special Weapon . | . . . . . . . Impact Weapon . | . . . . . . . Slashing Weapon 1 | . . . . . 1 . Piercing Weapon . | . . . . . . . Special Melee Weapon 1 | . . . 1 . . . Unidentified Prototypes 1 | . . . . . 1 . Parts Lost 12 | . . 1 . 3 . 8 Power 3 | . . . . 1 . 2 Propulsion 5 | . . 1 . 1 . 3 Utility 1 | . . . . . . 1 Weapon 3 | . . . . 1 . 2 Highest Loss Streak 2 | . . 1 . 2 . 2 To Critical Strikes . | . . . . . . . Average Backups 12 | 3 9 13 14 14 13 13 Power 1 | . 1 1 2 1 1 1 Propulsion 4 | 1 4 4 4 4 4 4 Utility 3 | . 2 3 4 4 3 2 Weapon 2 | . 1 2 3 2 2 3 Tool/Special . | . . . . . . . Unused Backups 15 | . 4 . . 2 2 7 Power 1 | . 1 . . . . . Propulsion 5 | . 2 . . 2 . 1 Utility 1 | . . . . . . 1 Weapon 6 | . 1 . . . 2 3 Tool/Special 2 | . . . . . . 2 Average Slot Usage (%) 98 | . 100 100 100 96 98 98 Engine 12 | . 14 14 14 14 9 9 Treads 17 | . 28 28 28 24 . . Leg 12 | . . . . . 34 34 Device 6 | . 1 . . 5 18 14 Storage 12 | . 14 14 14 14 9 9 Protection 8 | . 12 14 14 8 . 2 Energy Gun 11 | . . . . 12 26 26 Ballistic Gun 13 | . 28 28 17 11 . . Special Melee Weapon 2 | . . . 10 4 . . Peak Build Rating 41 | 8 8 13 14 16 41 41 Average Rating 20 | 5 7 12 13 14 37 39 On Entrance 14 | . 8 8 13 14 16 41 Avg Prop Armor Cover (%) 9 | . . . . 11 . 5 Naked Turns . | . . . . . . . Heaviest Build 40 | 12 29 35 35 35 38 40 Greatest Support 72 | 40 40 40 40 40 60 72 Greatest Overweight (x) 1 | . . . . 1 . 1 Average Overweight (x) . | . . . . . . . Largest Inventory Capacity 15 | 8 15 15 15 15 15 15 Average Capacity 14 | 7 12 15 15 15 15 15 Most Carried 15 | 8 12 15 15 15 15 15 Average Carried 12 | 3 9 13 14 14 13 13 Final Capacity 15 | 8 15 15 15 15 15 15 Final Carried 15 | 8 12 14 15 14 15 12 Class Distribution -------------------- 59% | Mutant 31% | Scavenger-Skirmisher 8% | Scavenger-Mutant Dominant Class ---------------- Mutant | -10/Materials Mutant | -10/Mines Mutant | -10/Exiles Mutant | -9/Mines Scavenger-Skirmisher | -8/Materials Scavenger-Skirmisher | -8/Garrison Resources | -11 -10 -10 -10 -9 -8 -8 ----------- Run | Yrd Mat Min Exi Min Mat Gar Matter Collected 953 | 285 225 99 . 119 120 105 Remotely . | . . . . . . . Salvage Created 2090 | 95 516 267 . 186 106 920 Parts 101 | 8 25 14 . 13 4 37 Haulers Intercepted 3 | . 2 . . . 1 . Recyclers Shooed 3 | 1 1 1 . . . . Parts Field Recycled . | . . . . . . . Retrieved Matter . | . . . . . . . Parts Self-Destructed . | . . . . . . . Prevented . | . . . . . . . Parts Restored . | . . . . . . . Kills | -11 -10 -10 -10 -9 -8 -8 ------- Run | Yrd Mat Min Exi Min Mat Gar Combat Hostiles Destroyed 42 | . 8 4 . 6 2 22 Guns 42 | . 8 4 . 6 2 22 Classes Destroyed 11 | 2 2 3 . 2 . 2 Worker 2 | . . 1 . . 1 . Builder 2 | . . 1 . 1 . . Tunneler 3 | 2 . 1 . . . . Hauler 3 | . 2 . . . 1 . Recycler 2 | 1 1 . . . . . Swarmer 7 | . . . . 2 2 3 Cutter 2 | . . . . . . 2 Grunt 29 | . 8 2 . 3 . 16 Brawler 1 | . . . . . . 1 Sentry 2 | . . 2 . . . . Assembled 1 | . . . . 1 . . Best Kill Streak 3 | 3 2 2 . 2 2 3 Combat Bots Only 3 | . 2 2 . 2 2 3 Max Kills in Single Turn 2 | 1 1 1 . 1 2 2 Gunslinging 1 | . . . . . 1 1 Exploded . | . . . . . . . Melee . | . . . . . . . Uniques/NPCs Destroyed . | . . . . . . . Combat | -11 -10 -10 -10 -9 -8 -8 -------- Run | Yrd Mat Min Exi Min Mat Gar Hostile Shots Fired 200 | . 36 14 . 31 4 115 Missed 56 | . 8 2 . 7 1 38 Hits 144 | . 28 12 . 24 3 77 Melee 4 | . . . . . . 4 Projectile 140 | . 28 12 . 24 3 73 AOE 1 | . . . . . . 1 Critical Strikes 3 | . . . . . . 3 Damage Taken 2027 | . 320 218 . 322 22 1145 Core 226 | . 20 . . 28 . 178 Absorbed by Shields 47 | . . . . . . 47 Core Remaining (%) 90 | 100 . . . 80 . . Volleys Fired 164 | 8 47 21 . 26 7 55 Largest 3 | 2 2 2 . 2 3 3 Hottest 105 | 40 40 40 . 105 60 105 Shots Fired 370 | 16 94 42 . 47 17 154 Gun 370 | 16 94 42 . 47 17 154 Cannon . | . . . . . . . Launcher . | . . . . . . . Special . | . . . . . . . Kinetic 178 | 16 94 42 . 26 . . Thermal 192 | . . . . 21 17 154 Explosive . | . . . . . . . Electromagnetic . | . . . . . . . Robot Hit Streak 22 | 5 11 7 . 12 3 22 Robot Miss Streak 5 | 1 4 5 . 3 1 3 Penetration Max . | . . . . . . . Secondary Targets 13 | . . 1 . . 1 11 Max Gunslinging Chain 1 | . . 1 . . 1 1 Shots Hit Robots 243 | 11 61 25 3 34 9 100 Core Hits 93 | 5 23 14 . 11 4 36 Critical Kills . | . . . . . . . Critical Parts Destroyed 1 | . . 1 . . . . Critical Strikes 4 | . . 1 . 1 1 1 Burn 3 | . . . . 1 1 1 Destroy 1 | . . 1 . . . . Melee Attacks 4 | . . . 3 1 . . Impact . | . . . . . . . Slashing . | . . . . . . . Piercing . | . . . . . . . Sneak Attacks 4 | . . . 3 1 . . Combat Hostiles . | . . . . . . . Follow-up Attacks . | . . . . . . . Damage Inflicted 3632 | 100 657 321 . 377 174 2003 Guns 3632 | 100 657 321 . 377 174 2003 Cannons . | . . . . . . . Explosions . | . . . . . . . Melee . | . . . . . . . Ramming . | . . . . . . . Kinetic 1237 | 100 657 321 . 159 . . Thermal 2395 | . . . . 218 174 2003 Explosive . | . . . . . . . Electromagnetic . | . . . . . . . Impact . | . . . . . . . Slashing . | . . . . . . . Piercing . | . . . . . . . Highest Corruption 1 | . 1 1 1 1 . . Average Corruption 1 | . 1 1 1 1 . . Corruption Purged . | . . . . . . . Corruption Blocked . | . . . . . . . Effects 11 | . 1 5 3 2 . . Message Errors 5 | . . 3 1 1 . . Matter Fused 1 | . . . 1 . . . Heat Flow Errors 1 | . 1 . . . . . Energy Discharges 3 | . . 1 1 1 . . Data Loss (major) 1 | . . 1 . . . . Overload Shots 7 | . . . . . 2 5 Effects 1 | . . . . . . 1 Short Circuit 1 | . . . . . . 1 Overflow Damage . | . . . . . . . Projectiles . | . . . . . . . Explosions . | . . . . . . . Melee . | . . . . . . . Knockbacks . | . . . . . . . Impact . | . . . . . . . Kinetic . | . . . . . . . Secondary . | . . . . . . . Self-Inflicted Damage . | . . . . . . . Shots . | . . . . . . . Rammed . | . . . . . . . Targets Rammed . | . . . . . . . Kicked . | . . . . . . . Crushed . | . . . . . . . Highest Temperature 328 | . 247 55 . 328 . 35 Average Temperature 51 | . 15 21 . 114 . 12 Received Heat Transfer 946 | . 174 102 . 69 . 601 Effects 3 | . 1 . . 2 . . Energy Bleed 1 | . 1 . . . . . Interference 1 | . . . . 1 . . Short Circuit 1 | . . . . 1 . . Siege Activations . | . . . . . . . Martial Activations . | . . . . . . . Shielding Activations . | . . . . . . . Robots Disrupted . | . . . . . . . Combat Hostiles . | . . . . . . . Robots Corrupted . | . . . . . . . Combat Hostiles . | . . . . . . . Parts Fried . | . . . . . . . Impact Corruptions . | . . . . . . . Robots Melted . | . . . . . . . Combat Hostiles . | . . . . . . . Parts Melted 10 | . . 1 . 2 2 5 Heat Transferred 4937 | . . . . 606 407 3924 Parts Sabotaged . | . . . . . . . Parts Stolen . | . . . . . . . Parts Stripped . | . . . . . . . Power Chain Reactions . | . . . . . . . Alert | -11 -10 -10 -10 -9 -8 -8 ------- Run | Yrd Mat Min Exi Min Mat Gar Maximum Alert Level 2 | . . . . . . 2 Low Security (%) 82 | 100 100 100 . 100 100 24 Level 1 7 | . . . . . . 32 Level 2 9 | . . . . . . 43 Level 3 . | . . . . . . . Level 4 . | . . . . . . . Level 5 . | . . . . . . . High Security . | . . . . . . . Max Security . | . . . . . . . Peak Influence 580 | 15 83 50 . 94 105 580 Initial 15 | . . . . . 15 3 Average 91 | 1 27 5 . 21 27 340 Influence Increases 1438 | 15 232 105 . 255 194 637 Destroy 0b10 Robot/C 1000 | . 160 80 . 200 120 440 Destroy 0b10 Robot/NC 60 | 15 15 15 . 5 10 . Destroy Leader 106 | . 34 10 . 20 12 30 Allied During Kill 45 | . . . . 30 15 . Successful Hack 27 | . 23 . . . 4 . Disable Machine 30 | . . . . . 30 . Anti-Garrison Action 150 | . . . . . . 150 Destroy Structure 5 | . . . . . 3 2 Lose Combat Pursuer 15 | . . . . . . 15 Influence Decreases 878 | 15 232 105 . 215 229 82 Entered New Map 27 | . . . . . 25 2 Time Decay 691 | 15 232 105 . 175 164 . Lost Part 100 | . . . . 20 . 80 Lost Ally 60 | . . . . 20 40 . Squads Dispatched 3 | . 2 . . . 1 . Investigation 1 | . . . . . 1 . Extermination . | . . . . . . . Reinforcement 2 | . 2 . . . . . Assault . | . . . . . . . Garrison . | . . . . . . . Intercept . | . . . . . . . Searches Triggered . | . . . . . . . Construction Impeded . | . . . . . . . Haulers Reinforced . | . . . . . . . Active Scanning Responses . | . . . . . . . Cargo Convoy Interrupts . | . . . . . . . Stealth | -11 -10 -10 -10 -9 -8 -8 --------- Run | Yrd Mat Min Exi Min Mat Gar Distress Signals 3 | . 1 . . . 2 . Communications Jammed . | . . . . . . . Distress Signals . | . . . . . . . Times Spotted 63 | . 16 4 . 10 5 28 Peak Tracking Total 6 | . 3 2 . 4 4 6 Tactical Retreats 2 | . . . . 1 . 1 Traps | -11 -10 -10 -10 -9 -8 -8 ------- Run | Yrd Mat Min Exi Min Mat Gar Traps Triggered 6 | . 1 . . . . 5 Indirectly . | . . . . . . . Trap Hack Attempts . | . . . . . . . Triggered . | . . . . . . . Disarmed . | . . . . . . . Reprogrammed . | . . . . . . . Reused . | . . . . . . . Traps Extracted . | . . . . . . . Installed . | . . . . . . . Triggered . | . . . . . . . Machines | -11 -10 -10 -10 -9 -8 -8 ---------- Run | Yrd Mat Min Exi Min Mat Gar Machines Disabled 4 | . . . . . 2 2 Max in Single Turn 1 | . . . . . . 1 Garrison Relay 2 | . . . . . . 2 Machines Repaired . | . . . . . . . Machines Dismantled . | . . . . . . . Machines Sabotaged . | . . . . . . . Overloaded Fab Kills . | . . . . . . . Hacking | -11 -10 -10 -10 -9 -8 -8 --------- Run | Yrd Mat Min Exi Min Mat Gar Machines Accessed 7 | . 3 . 2 . 1 1 Terminals 3 | . 2 . . . . 1 Fabricators . | . . . . . . . Repair Stations 1 | . 1 . . . . . Recycling Units . | . . . . . . . Scanalyzers . | . . . . . . . Garrison Access 1 | . . . . . 1 . Total Hacks 16 | . 7 . 5 . 1 3 Successful 10 | . 4 . 5 . 1 . Failed 6 | . 3 . . . . 3 Catastrophic . | . . . . . . . Database Lockouts . | . . . . . . . Manual 7 | . 6 . 1 . . . Terminals 9 | . 6 . . . . 3 Fabricators . | . . . . . . . Repair Stations 1 | . 1 . . . . . Recycling Units . | . . . . . . . Scanalyzers . | . . . . . . . Garrison Access 1 | . . . . . 1 . Terminal Hacks 7 | . 2 . 5 . . . Record 4 | . . . 4 . . . Part Schematic 2 | . 2 . . . . . Proto ID Catalog 1 | . . . 1 . . . Fabricator Hacks . | . . . . . . . Repair Station Hacks 1 | . 1 . . . . . Refit 1 | . 1 . . . . . Recycling Unit Hacks . | . . . . . . . Scanalyzer . | . . . . . . . Garrison Access Hacks 1 | . . . . . 1 . Unlock Access 1 | . . . . . 1 . Unauthorized Hacks 1 | . 1 . . . . . Terminals 1 | . 1 . . . . . Botnet 1 | . 1 . . . . . Fabricators . | . . . . . . . Repair Stations . | . . . . . . . Recycling Units . | . . . . . . . Scanalyzers . | . . . . . . . Garrison Access . | . . . . . . . Data Cores Recovered . | . . . . . . . Used . | . . . . . . . Hacking Detections 4 | . 3 . . . . 1 Full Trace Events 1 | . . . . . . 1 Feedback Events . | . . . . . . . Feedback Blocked . | . . . . . . . Robot Schematics Acquired . | . . . . . . . Robots Built . | . . . . . . . Authchips . | . . . . . . . Time . | . . . . . . . Total Robot Build Rating . | . . . . . . . Part Schematics Acquired 2 | . 2 . . . . . Parts Built . | . . . . . . . Authchips . | . . . . . . . Time . | . . . . . . . Total Part Build Rating . | . . . . . . . Part Studies Acquired . | . . . . . . . Parts Repaired . | . . . . . . . Time . | . . . . . . . Parts Recycled . | . . . . . . . Recycled Matter . | . . . . . . . Retrieved Matter . | . . . . . . . Retrieved Components . | . . . . . . . Parts Scanalyzed . | . . . . . . . Part Schematics Acquired . | . . . . . . . Parts Damaged . | . . . . . . . Bothacking | -11 -10 -10 -10 -9 -8 -8 ------------ Run | Yrd Mat Min Exi Min Mat Gar Used RIF Installer . | . . . . . . . Robots Hacked 4 | . . . 3 1 . . Non-combat 3 | . . . 2 1 . . Combat 1 | . . . 1 . . . Robot Hacks Applied 4 | . . . 3 1 . . parse_system 3 | . . . 3 . . . no_distress 1 | . . . . 1 . . Relay Couplers Released 8 | . . . . . . 8 Machine Destruction 8 | . . . . . . 8 Fabnet Peak Effective % . | . . . . . . . Robots Rewired . | . . . . . . . Allies Hacked . | . . . . . . . Hacks Repelled . | . . . . . . . Allies | -11 -10 -10 -10 -9 -8 -8 -------- Run | Yrd Mat Min Exi Min Mat Gar Total Allies 6 | . . 3 . 3 . . Largest Group 3 | . . 3 3 3 3 . Highest-Rated Group 80 | . . 40 40 80 80 . Highest-Rated Ally 31 | . . 16 16 31 31 . Total Orders . | . . . . . . . Ally Attacks 61 | . . . . 34 27 . Total Damage 737 | . . . . 375 362 . Kills 9 | . . . . 5 4 . Allies Corrupted . | . . . . . . . Allies Melted . | . . . . . . . Intel | -11 -10 -10 -10 -9 -8 -8 ------- Run | Yrd Mat Min Exi Min Mat Gar Active Infowar (turns) 1138 | 47 58 . . . 555 478 Terrain 1033 | . . . . . 555 478 Seismic 105 | 47 58 . . . . . Robot Analysis Total . | . . . . . . . Derelict Logs Recovered 2 | . . 2 . . . . Drone Launches . | . . . . . . . Drone Recoveries . | . . . . . . . Exploration | -11 -10 -10 -10 -9 -8 -8 ------------- Run | Yrd Mat Min Exi Min Mat Gar Turns Passed 4095 | 154 590 727 540 726 555 803 Spaces Moved 2118 | 73 258 409 330 264 372 412 Core 2 | 2 . . . . . . Treads 1332 | 71 258 409 330 264 . . Legs 784 | . . . . . 372 412 Wheels . | . . . . . . . Hover . | . . . . . . . Flight . | . . . . . . . Fastest Speed 50 | 50 160 160 160 160 120 125 Average Speed 152 | 156 160 160 160 198 123 129 Slowest Speed 240 | 160 160 160 160 240 125 200 Overloaded Moves . | . . . . . . . Propulsion Burnouts . | . . . . . . . Robots Hopped . | . . . . . . . Potential Cave-ins . | . . . . . . . Cave-ins Triggered . | . . . . . . . Exploration Rate (%) 49 | 3 50 75 61 67 42 46 Regions Visited 6 Branch Regions 3 Pre-discovered Areas 2 | . . 1 1 . . . Known Exits Taken 1 | . . . . . 1 . Unknown Exits Taken 5 | 1 1 1 1 1 . . Scrap Searched 1 | . . . . 1 . . Spaces Dug 6 | . . . . . 2 4 Terrain Destroyed 6 | . . . . . 2 4 Melee . | . . . . . . . Projectile 6 | . . . . . 2 4 AOE . | . . . . . . . Terrain Rammed . | . . . . . . . Walls Destroyed . | . . . . . . . Machines Disabled . | . . . . . . . Actions | -11 -10 -10 -10 -9 -8 -8 --------- Run | Yrd Mat Min Exi Min Mat Gar Total 2674 | 95 354 443 341 427 454 560 Wait 285 | . 35 10 5 123 45 67 Move 2113 | 72 257 408 329 263 372 412 Hop . | . . . . . . . Pick Up 32 | 8 7 2 2 4 7 2 Fast Attach 12 | 7 . . . . 3 2 Attach 14 | . . 1 . 3 5 5 Detach . | . . . . . . . Swap 17 | . 2 1 1 4 6 3 Drop 20 | . 6 . 1 3 9 1 Fire 164 | 8 47 21 . 26 7 55 Melee 4 | . . . 3 1 . . Ram . | . . . . . . . Kick . | . . . . . . . Crush . | . . . . . . . Escape Stasis 13 | . . . . . . 13 Rewire . | . . . . . . . Trap . | . . . . . . . Miscellaneous . | . . . . . . . Route ------- -11/Scrapyard -10/Materials (discovered 2 exits: [*Mat] / [*Min]) -10/Mines (discovered 2 exits: [*Mat] / *Exi) -10/Exiles -9/Mines -8/Materials (discovered 2 exits: [*Fac] / Gar) -8/Garrison (discovered 2 exits: [*Mat x2]) History --------- Turn | Location | Event 9 | -11/Scrapyard | Discovered new exit (range 16) 155 | -11/Scrapyard | Entered Materials 305 | -10/Materials | Build established: Mutant 587 | -10/Materials | Discovered new exit (range 12) 689 | -10/Materials | Discovered new exit (range 15) 745 | -10/Materials | Entered Mines 746 | -10/Mines | Learned location of Storage (-7) 804 | -10/Mines | Joined a pair of Derelicts in attacking an 0b10 outpost 948 | -10/Mines | Discovered new exit (range 3) 1080 | -10/Mines | Assisted by bots powering up and referring to "LRC-V3" 1435 | -10/Mines | Deemed a non-threat by the Exiles lab entrance 1435 | -10/Mines | Discovered new exit (range 5) 1472 | -10/Mines | Entered Exiles 1472 | -10/Exiles | Accompanied by 3 allies 1512 | -10/Exiles | Met 8R-AWN 1538 | -10/Exiles | Met EX-HEX 1584 | -10/Exiles | Met EX-BIN 1725 | -10/Exiles | Aligned with FarCom system 1726 | -10/Exiles | Given EX-Vault access code 1765 | -10/Exiles | Opened EX-Vault 1782 | -10/Exiles | Found Chronowheel 1814 | -10/Exiles | Warned to stay clear of 0b10 Research branches 1831 | -10/Exiles | Exiles lab attacked by MAIN.C 1907 | -10/Exiles | Learned location of Zion (-6) 1995 | -10/Exiles | Discovered new exit (range 10) 2012 | -10/Exiles | Left Exiles lab with Chronowheel 2012 | -10/Exiles | Entered Mines 2012 | -9/Mines | Accompanied by 3 allies 2380 | -9/Mines | Found a damaged Exp. Sensor Array with a note attached 2414 | -9/Mines | Excavation squad dispatched 2414 | -9/Mines | A large section of the Mines collapsed 2681 | -9/Mines | Discovered new exit (range 11) 2703 | -9/Mines | Received a Mining Laser from a helpful Derelict 2731 | -9/Mines | Build established: Scavenger-Mutant 2738 | -9/Mines | Entered Materials 2738 | -8/Materials | Accompanied by 3 allies 2738 | -8/Materials | Evolved 4 slots: Propulsion x2, Utility x1, Weapon x1 2743 | -8/Materials | Led the pair of lost Derelicts to an unsafe place 3003 | -8/Materials | Discovered new exit (range 7) 3036 | -8/Materials | Build established: Scavenger-Skirmisher 3041 | -8/Materials | Met 7R-MNS 3293 | -8/Materials | Identified exit to Garrison 3293 | -8/Materials | Entered Garrison 3331 | -8/Garrison | Triggered checkpoint 3377 | -8/Garrison | Garrison Relay disabled 3433 | -8/Garrison | Triggered checkpoint 3569 | -8/Garrison | Triggered checkpoint 3625 | -8/Garrison | Triggered checkpoint 3696 | -8/Garrison | Discovered new exit (range 12) 3745 | -8/Garrison | Garrison Relay disabled 3751 | -8/Garrison | Triggered checkpoint 4072 | -8/Garrison | Discovered new exit (range 14) 4089 | -8/Garrison | Triggered checkpoint 4096 | -8/Garrison | Self-destructed Last Messages --------------- 04031_ G-47 Trooper heat damages Particle Gun, Imp. Heat Sink, Lgt. Nuclear Core. 04031_ Destroyed Particle Gun. 04031_ G-47 Trooper overheating. 04033_ G-47 Trooper heat damages Lgt. Nuclear Core. 04033_ G-47 Trooper overheating. 04034_ Destroyed Lgt. Nuclear Core. 04034_ G-47 Trooper destroyed. 04046_ Acquired Particle Gun. 04059_ Acquired 20 matter. 04072_ EXIT=FOUND 04089_ Beams of light sweep through the air. An alarm sounds. 04090_ C-45 Heavy ARC bursts open, deploying its payload. 04090_ L-31 Rogue unfolds itself. 04090_ G-47 Trooper unfolds itself. 04090_ Mak. Power Source destroyed. 04092_ Cld. Pulse Rifle destroyed. Map ----- +----------------------------------------------------+ | | | | | | | | | | | | | | | | | | | | | | | | | | | ??????????????????????????????????????? | | ??????????????????????????????????????? | | ??????????????????????????????????????? | | ??????????????????????????????????????? | | ??????????????????????????????????????? | | ??????????????????????????????????????? | | ??####????????????????????????????????? | | ??#""#????????????????????????????????? | | ??# T#????????????????????????????????? | | ??# "#????????????????????????????????? | | ###=############################ #???? | | % %= g^ #???? | | % @l #???? | | ############# ###########g% ####?????? | | ???????????Y# #??????????CC #????????? | | ????????????# #???????????###????????? | | ???????????? ??????????????????????? | | ??????????? p?????????????????????? | | ?????????? ????????????????????? | | ????????? ???????????????????? | | ???????? ??????????????????? | | ???????? ?????????????????? | | ??????? ????????????????? | | ?????? ?????????????????? | | ?????? ??????????????????? | | ???????? < ??????????????????? | | ?????????? ????????????????????? | | ??????????? ?????????????????????? | | ??????????????????????????????????????? | | ??????????????????????????????????????? | | ??????????????????????????????????????? | | ??????????????????????????????????????? | | #### ?????????????????????????? | | ?????????????????????????? | | ?????????????????????????? | | ##########????????????????????????????? | | ??????????????????????????????????????? | +----------------------------------------------------+ Best States ------------- Heat Dissipation 59 Energy Generation 18 Energy Capacity 170 Matter Stores 300 Matter Capacity 300 Sight Range 16 Terrain Scan Range 16 Terrain Scan Density 10 Armor Coverage 150 Evasion (%) 55 Recoil Reduction 2 Item Schematics ----------------- Hcp. Storage Unit | -10/Materials | Hacked Huge Storage Unit | -10/Materials | Hacked Robot Schematics ------------------ None Fabricated ------------ Nothing Repaired ---------- Nothing Studied --------- None Alien Tech Used ----------------- None Achievements -------------- None Challenges ------------ None Game ------ Seed DeuteriumWeldingCompanion Manual? 0 Play Time 00:21:19 Cumulative 439.9 hours Start 2026.07.12 @ 01:44:53 End 2026.07.12 @ 02:04:03 Sessions 1 Manual Loads 0 Difficulty Rogue Special Mode None Game No. 404 Rogue 404 Adventurer 0 Explorer 0 Win Type - Total 11 Types 7/0/2/1/0/0/0/0/0/1 Lore% 61 Gallery% 69 Achievement% 64 Wizard Run 0 Options --------- Layout 1 ASCII 0 Keyboard 0 Movement Mouse Keybinds 0 Fullscreen 2 Font 24/Cog Map View 50x35 Zoom Use 16% Tactical HUD 1 Map Filters NONE Filters NONE Steam 1 RUN: 411d0d65-06ad-4b51-92c0-cd80c99c0cfa